 Dungeon Sprint DCSS version 0.17.1-1-g73c8601 (webtiles) character file.

12 Arkorax the Insei (level 2, -2/27 HPs)
             Began as a Draconian Monk on Dec 27, 2015.
             Was a Priest of Yredelemnul.
             Slain by Terence
             ... wielding a +2 flail of protection
              (11 damage)
             ... in the Dungeon (Sprint VI: "Thunderdome").
             The game lasted 00:01:29 (292 turns).

Arkorax the Insei (Draconian Monk)                   Turns: 292, Time: 00:01:29

Health: -2/27      AC:  4    Str: 15    XL:     2   Next: 37%
Magic:  2/2        EV: 12    Int: 15    God:    Yredelemnul [***...]
Gold:   130        SH:  0    Dex: 10    Spells: 0 memorised, 1 level left

rFire  . . .     SeeInvis .       - Unarmed
rCold  + . .     Clarity  .     (armour unavailable)
rNeg   . . .     SustAt   +     (no shield)
rPois  .         Gourm    .     (helmet restricted)
rElec  +         Spirit   .     (no cloak)
rCorr  .         Warding  .     (no gloves)
rMut   .         NoTele   +     (no boots)
MR     .....                    (no amulet)
Stlth  +.........               m - ring of Ejurokon {rC+ Str+2 Int+5 Dex-3 Slay+3}
                                l - ring of the King {SustAt rElec}

@: drained, not resistant to hostile enchantments, very unstealthy
A: unfitting armour, cold-blooded, AC +4
a: Recall Undead Slaves, Injury Mirror, Animate Dead, Renounce Religion


You were in the Dungeon.
You worshipped Yredelemnul.
Yredelemnul was most pleased with you.
You were not hungry.

You visited 1 branch You collected 220 gold pieces.
You spent 90 gold pieces at shops.

Inventory:

Jewellery
 l - the ring of the King (left hand) {SustAt rElec}
   (You bought it in a shop in the Dungeon)

   [ring of sustain attributes]

   It sustains your strength, intelligence and dexterity.
   It insulates you from electricity.
 m - the ring of Ejurokon (right hand) {rC+ Str+2 Int+5 Dex-3 Slay+3}
   (You bought it in a shop in the Dungeon)

   [ring of protection from cold]

   It affects your strength (+2).
   It affects your intelligence (+5).
   It affects your dexterity (-3).
   It affects your accuracy and damage with ranged weapons and melee attacks
   (+3).
   It protects you from cold.
Wands
 h - a wand of cold (5)
 i - a wand of fire (5)
Scrolls
 g - 4 scrolls of blinking
 j - 3 scrolls of fog
Potions
 b - a potion of curing
 c - 3 potions of heal wounds
 d - 4 potions of haste
 e - 2 potions of magic
 f - a potion of berserk rage
 k - a potion of resistance
Comestibles
 a - a bread ration


   Skills:
 + Level 3.9(3.2) Fighting
 + Level 3.3(2.6) Dodging
 + Level 1.8(1.1) Stealth
 + Level 5.6(4.8) Unarmed Combat


You had one spell level left.
You didn't know any spells.

Dungeon Overview and Level Annotations

Branches:
Dungeon (1/1)

Altars:
Cheibriados
Dithmenos
Fedhas
Gozag
Kikubaaqudgha
Makhleb
Okawaru
Qazlal
Ru
Sif Muna
Trog
Vehumet
Xom
Yredelemnul
Zin
The Shining One
Jiyva
Lugonu

Shops:
D *[%??*?*:[((!!!!

Annotations:
D Terence


Innate Abilities, Weirdness & Mutations

Your plain brown scales are hard (AC +4).
Your body does not fit into most forms of armour.
You are cold-blooded and may be slowed by cold attacks.


Message History

Terence is moderately wounded.
Terence barely misses you.
You hit Terence but do no damage. You tail-slap Terence.
Terence is heavily wounded.
Terence closely misses you.
Drink which item? (? for menu, Esc to quit)
You feel much better. Terence hits you but does no damage.
You hit Terence.
Terence is heavily wounded.
Terence hits you with a flail of protection.
You hit Terence. You punch Terence, but do no damage.
Terence is severely wounded.
You hit Terence but do no damage.
Your tail-slap misses Terence.
Terence is severely wounded.
Terence hits you with a flail of protection!
You hit Terence but do no damage.
Terence is severely wounded.
Terence hits you with a flail of protection!
You die...
Your body rises from the dead as a mindless zombie.

##∩.....∩## #∩.......∩#
#_....).._# #_........#
#_......._# ###.........###
#⌠...........⌠#
######.8.÷.......8.######
#∩___......###..@..(.._∩##
∩.......†8.# #.8@...(...∩###
...........###.............##
........###...###..........⌠#
........# #.<.# #..........⌠#
........###...###..........⌠#
...........###.............##
∩........8.# #.8........∩###
#∩.__......###......_._∩##


You could see Terence.

Vanquished Creatures
  An adder (D)
  An orc (D)
  A hobgoblin (D)
  A kobold (D)
  A giant newt (D)
5 creatures vanquished.

Notes
Turn   | Place    | Note
--------------------------------------------------------------
     0 | D        | Arkorax the Draconian Monk began the quest for the Orb.
     0 | D        | Reached XP level 1. HP: 19/19 MP: 1/1
     1 | D        | Found a burning altar of Makhleb.
     1 | D        | Found a sacrificial altar of Ru.
     2 | D        | Found a shadowy altar of Dithmenos.
     3 | D        | Found a snail-covered altar of Cheibriados.
     3 | D        | Found a deep blue altar of Sif Muna.
     4 | D        | Found an ancient bone altar of Kikubaaqudgha.
     4 | D        | Found a glowing golden altar of the Shining One.
     4 | D        | Found Yhonweci's Premium Goods.
     4 | D        | Found Lizamm's Weapon Rack.
     5 | D        | Found Enuheki's Miscellaneous Merchandise.
     5 | D        | Found Difibak's Basic Armour.
     5 | D        | Round 1.
    19 | D        | Found Miga's Identification Station.
    20 | D        | Found Buluqah's Advanced Armour.
    20 | D        | Found Neman's Jewellery.
    21 | D        | Found a shimmering altar of Xom.
    21 | D        | Found a glowing silver altar of Zin.
    21 | D        | Found a basalt altar of Yredelemnul.
    21 | D        | Found Fuonunis's Bee Food.
    32 | D        | Found a bloodstained altar of Trog.
    36 | D        | Became a worshipper of Yredelemnul the Dark
    36 | D        | Reached * piety under Yredelemnul
    36 | D        | Reached ** piety under Yredelemnul
    39 | D        | Found a radiant altar of Vehumet.
    41 | D        | Found a stormy altar of Qazlal.
    42 | D        | Found Bigotop's Magic Scroll Shop.
    51 | D        | Reached skill level 5 in Unarmed Combat
    51 | D        | Reached XP level 2. HP: 25/27 MP: 2/2
    52 | D        | Found Ollellat's Magic Scroll Shop.
    52 | D        | Found Figun's Must-Have Magic.
    59 | D        | Found Quh Jocs's Staff Store.
    59 | D        | Found a blossoming altar of Fedhas.
    59 | D        | Found an opulent altar of Gozag.
    90 | D        | Bought a twitching bronze ring for 45 gold pieces
    90 | D        | Bought a fine silver ring for 45 gold pieces
    90 | D        | Identified the ring of the King {SustAt rElec} (You bought it in a shop in the Dungeon)
    91 | D        | Identified the ring of Ejurokon {rC+ Str+2 Int+5 Dex-3 Slay+3} (You bought it in a shop in the Dungeon)
   115 | D        | Found a viscous altar of Jiyva.
   119 | D        | Found a corrupted altar of Lugonu.
   119 | D        | Found Nexkuhiy's Do-It-Yourself Clinic.
   119 | D        | Found Xemeamubb's Bottled Wisdom.
   120 | D        | Found Atihoski's Distillery.
   125 | D        | Found Olues's Distillery.
   125 | D        | Found an iron altar of Okawaru.
   154 | D        | Reached *** piety under Yredelemnul
   154 | D        | Arena points: 12 (+12) [x2]
   211 | D        | Round 2.
   271 | D        | Noticed Terence
   292 | D        | Slain by Terence

Action                   || total
-------------------------++-------
Melee: Unarmed           ||    39
  Use: Potion            ||     1
